 Dungeon Crawl Stone Soup version 0.29.1-1-gd02db6906a (webtiles) character file.

Game seed: 17003270367852570752

4159 funkygono the Arsonist (level 10, 0/53 HPs)
             Began as a Gargoyle Fire Elementalist on Sept 15, 2022.
             Was a Believer of Vehumet.
             Slain by a vampire
             ... wielding a +1 vampiric bardiche
              (3 damage)
             ... in a bailey.
             The game lasted 00:17:10 (9753 turns).

funkygono the Arsonist (Gargoyle Fire Elementalist) Turns: 9753, Time: 00:17:11

Health: 0/53       AC: 17    Str: 19    XL:     10   Next: 28%
Magic:  17/22      EV: 12    Int: 21    God:    Vehumet [**....]
Gold:   442        SH:  0    Dex: 10    Spells: 14/25 levels left

rFire   . . .      SeeInvis .   e - +2 mace (drain)
rCold   . . .      Faith    .   (no shield)
rNeg    + . .      Spirit   .   b - +2 robe {Will+}
rPois   ∞          Reflect  .   k - +0 helmet
rElec   +          Harm     .   (no cloak)
rCorr   .          Rampage  .   h - +1 pair of gloves
Will    ++...                   d - +2 pair of boots of Circular Logic {Str+2}
Stlth   ++........              (no amulet)
HPRegen 0.17/turn               o - ring of willpower
MPRegen 0.18/turn               D - +6 ring of strength

@: invisible
A: sickness immunity, AC +7, negative energy resistance 1, electricity
resistance, torment resistance 1, petrification resistance
a: Renounce Religion


You were in a bailey.
You worshipped Vehumet.
Vehumet was pleased with you.
You visited 2 branches of the dungeon, and saw 9 of its levels.
You also visited: Bailey.

You collected 442 gold pieces.

Inventory:

Hand Weapons
 e - a +2 mace of draining (weapon)
 l - a +0 mace
 q - a +0 whip
Armour
 b - a +2 robe of willpower (worn)
 d - the +2 pair of boots of Circular Logic (worn) {Str+2}
   (You acquired it on level 3 of the Dungeon)

   Str:       It affects your strength (+2).
 h - a +1 pair of gloves (worn)
 i - a +0 pair of boots
 k - a +0 helmet (worn)
 m - a +1 animal skin
 t - a +3 ring mail
 F - a +2 leather armour of poison resistance
 G - the +1 chain mail "Racw" {Regen+}
   (You found it in a bailey)

   Regen:     It increases your rate of health regeneration.
Jewellery
 g - a ring of ice
 o - a ring of willpower (left hand)
 D - a +6 ring of strength (right hand)
Wands
 n - a wand of iceblast (27)
 r - a wand of mindburst (17)
 s - a wand of light (9)
 v - a wand of charming (10)
Scrolls
 j - 6 scrolls of torment
 y - a scroll of teleportation
 B - a scroll of identify
 C - a scroll of fog {unknown}
 E - a scroll of blinking {unknown}
Potions
 a - a potion of invisibility
 c - 3 potions of attraction
 f - 3 potions of curing
 p - a potion of mutation
 u - 2 potions of flight
 w - 2 potions of cancellation {unknown}
 x - a potion of haste {unknown}
 z - a potion of heal wounds {unknown}
 A - a potion of degeneration {unknown}


   Skills:
 + Level 2.0 Fighting
 + Level 3.6 Maces & Flails
 + Level 3.5 Dodging
 - Level 2.1 Stealth
 + Level 8.2 Spellcasting
 + Level 6.8 Conjurations
 + Level 8.6 Fire Magic


You had 14 spell levels left.
You knew the following spells:

 Your Spells              Type           Power      Damage    Failure   Level
a - Foxfire               Conj/Fire      100%       2x1d9     1%          1
b - Scorch                Fire           88%        2d9       1%          2
c - Conjure Flame         Conj/Fire      41%        6-21      1%          3
d - Flame Wave            Conj/Fire      41%        2d11      3%          4
e - Shock                 Conj/Air       92%        1d8       1%          1

Your spell library contained the following spells:

 Spells                   Type           Power      Damage    Failure   Level
 Magic Dart               Conj           100%       1d8       1%          1
 Static Discharge         Conj/Air       23%        3-6/arc   3%          2
 Sticky Flame             Conj/Fire      41%        2d6       3%          4
 Inner Flame              Hex/Fire       26%        N/A       4%          3
 Ensorcelled Hibernation  Hex/Ice        16%        N/A       12%         2
 Spider Form              Tmut/Pois      8%         N/A       24%         3
 Anguish                  Hex/Necr       4%         N/A       61%         4
 Dispel Undead            Necr           8%         3d8       61%         4


Dungeon Overview and Level Annotations

Branches:
Dungeon (8/15)             Temple (1/1) D:6          Bailey (1/1)
   Lair: D:8-11

Altars:
Ashenzari
Cheibriados
Elyvilon
Gozag
Hepliaklqana
Kikubaaqudgha
Makhleb
Nemelex Xobeh
Okawaru
Qazlal
Ru
Sif Muna
Trog
Uskayaw
Vehumet
Wu Jian
Xom
Yredelemnul
The Shining One

Annotations:
D:4 1 runed translucent door, Ashen's ghost, amateur DsIE


Innate Abilities, Weirdness & Mutations

You are immune to sickness and miasma.
Your stone body is resilient. (AC +7)
You are immune to poison.
You resist negative energy. (rN+)
You are resistant to electric shocks. (rElec)
You are resistant to unholy torment.
You are immune to petrification.


Message History

Found 2 potions of invisibility.
Found a fabulously ornate robe.
A vampire comes into view. It is wielding a +1 vampiric bardiche.
The vampire casts a spell.
The vampire flickers and vanishes!
Deactivating autopickup; reactivate with Ctrl-A.
Casting: Scorch (safe; 1% risk of failure)
Confirm with . or Enter, or press ? or * to list all spells.
You conjure some foxfire!
Casting: Foxfire (safe; 1% risk of failure)
Confirm with . or Enter, or press ? or * to list all spells.
You conjure some foxfire!
The foxfire hits something but does no damage.
Casting: Foxfire (safe; 1% risk of failure)
Confirm with . or Enter, or press ? or * to list all spells.
You conjure some foxfire!
The foxfire hits something but does no damage.
Something hits you!
Unknown command.
Casting: Foxfire (safe; 1% risk of failure)
Confirm with . or Enter, or press ? or * to list all spells.
You conjure some foxfire!
The foxfire hits something. x2; Something hits you!!
The foxfire hits something.
Unknown command.
Casting: Foxfire (safe; 1% risk of failure)
Confirm with . or Enter, or press ? or * to list all spells.
You conjure some foxfire!
The foxfire hits something but does no damage. x2
Something hits you!
* * * LOW HITPOINT WARNING * * *
Unknown command.
Casting: Foxfire (safe; 1% risk of failure)
Confirm with . or Enter, or press ? or * to list all spells.
You conjure some foxfire!
Something hits you.
* * * LOW HITPOINT WARNING * * *
Unknown command.
You fade into invisibility!
The foxfire hits something but does no damage. x2
Something hits you.
You die...

##### ###### #...#
##8§§.###### #.÷.#
#:v@§..##.8#####.÷.'
#8v.##...#..#...#####
#!{# ##..'..#.......#
#[. #..'..#........
#. #...#..#...♣....
## .....##..#...♣....
#8...##...#........
######....##.....♣.
#8......##...♣.)


There were no monsters in sight!

Vanquished Creatures
  A gargoyle (Bailey)
  2 wyverns
  Menkaure (D:7)
  2 water moccasins (D:7)
  Duvessa (D:4)
  An orc warrior (D:7)
  3 sky beasts
  A black bear (D:6)
  3 ice beasts
  2 centaurs (D:6)
  2 ogres
  2 phantoms
  2 kobold brigands (D:7)
  4 bullfrogs
  2 scorpions
  Dowan (D:4)
  3 wights
  6 wolf zombies (Bailey)
  7 vampire bats (Bailey)
  2 hounds
  An orc priest (D:3)
  A jelly (D:3)
  4 iguanas
  Terence (D:2)
  5 orc wizards
  Robin (D:2)
  4 gnolls (D:2)
  4 adders
  A shadow imp (D:5)
  5 white imps
  37 orcs
  9 ball pythons
  3 bats
  7 endoplasms
  4 giant cockroaches
  29 goblins
  6 hobgoblins
  4 jackals
  15 kobolds
  6 quokkas
  2 frilled lizards
  21 orc zombies (Bailey)
  5 rats
223 creatures vanquished.

Vanquished Creatures (others)
  680 foxfires
680 creatures vanquished.

Grand Total: 903 creatures vanquished

Notes
Turn   | Place    | Note
-------+----------+-------------------------------------------
     0 | D:1      | funkygono the Gargoyle Fire Elementalist began the quest
                  | for the Orb.
     0 | D:1      | Reached XP level 1. HP: 10/10 MP: 3/3
   202 | D:1      | Reached XP level 2. HP: 15/15 MP: 0/5
   205 | D:1      | Learned a level 2 spell: Scorch
   532 | D:1      | Found a faded altar of an unknown god.
   695 | D:1      | Reached XP level 3. HP: 19/19 MP: 2/6
   699 | D:1      | Learned a level 3 spell: Conjure Flame
  1253 | D:2      | Noticed Robin
  1271 | D:2      | Killed Robin
  1346 | D:2      | Reached XP level 4. HP: 24/24 MP: 0/7
  1688 | D:2      | Reached skill level 1 in Maces & Flails
  1688 | D:2      | Reached XP level 5. HP: 28/28 MP: 1/9
  1820 | D:2      | Noticed Terence
  1841 | D:2      | Killed Terence
  2450 | D:2      | Learned a level 4 spell: Flame Wave
  2456 | D:3      | Found a bloodstained altar of Trog.
  2456 | D:3      | Found an ancient bone altar of Kikubaaqudgha.
  3004 | D:3      | Reached XP level 6. HP: 33/33 MP: 3/11
  3484 | D:3      | Identified a scroll of acquirement
  3484 | D:3      | Acquired the +2 pair of boots of Circular Logic {Str+2}
  3530 | D:4      | Noticed Ashen's ghost (amateur DsIE)
  3532 | D:4      | Found a runed translucent door.
  4146 | D:4      | Reached XP level 7. HP: 37/37 MP: 7/13
  4249 | D:4      | Noticed Duvessa
  4249 | D:4      | Noticed Dowan
  4271 | D:4      | Killed Duvessa
  4272 | D:4      | Reached skill level 1 in Fighting
  4272 | D:4      | Reached skill level 5 in Fire Magic
  4273 | D:4      | Killed Dowan
  4545 | D:4      | You fall into a shaft and drop 1 floor!
  4545 | D:5      | Entered Level 5 of the Dungeon
  5524 | D:5      | Reached XP level 8. HP: 43/43 MP: 12/15
  5527 | D:5      | Reached skill level 5 in Spellcasting
  5556 | D:5      | Identified the +4 chain mail "Seimpobb" {Int+6 Stlth-}
  6262 | D:6      | Reached skill level 5 in Conjurations
  6272 | D:6      | Reached XP level 9. HP: 47/47 MP: 8/18
  6409 | D:6      | Found a staircase to the Ecumenical Temple.
  6469 | Temple   | Entered the Ecumenical Temple
  6478 | Temple   | Became a worshipper of Vehumet
  6816 | D:6      | Found a white marble altar of Elyvilon.
  7088 | D:7      | Noticed Menkaure
  7093 | D:7      | Killed Menkaure
  7781 | D:7      | Reached * piety under Vehumet
  7781 | D:7      | Offered knowledge of Shock by Vehumet.
  7925 | D:7      | Found a shimmering blue altar of Sif Muna.
  8454 | D:8      | Reached XP level 10. HP: 39/53 MP: 16/21
  8456 | D:8      | Found a flagged portal.
  8520 | Bailey   | Entered a bailey
  8793 | Bailey   | Noticed a gargoyle
  8825 | Bailey   | Killed a gargoyle
  9028 | Bailey   | Learned a level 1 spell: Shock
  9589 | Bailey   | Reached ** piety under Vehumet
  9591 | Bailey   | Offered knowledge of Magic Dart by Vehumet.
  9648 | Bailey   | Identified the +1 chain mail "Racw" {Regen+}
  9753 | Bailey   | Slain by a vampire

Illustrated notes

Levels and vault maps discovered:
D:1:      dpeg_arrival_tiny_a, layout_basic,
          chequers_ecumenical_altar_simple_redux
D:2:      layout_basic, uniq_terence, uniq_robin
D:3:      layout_loops_ring, chequers_temple_overflow_statue_of_worship
D:4:      layout_gridville, hellmonk_ghost_happy_afterlife, uniq_duvessa
D:5:      layout_loops_cross
D:6:      layout_cave_pools, kennysheep_little_box, minmay_temple_entry_ruins,
          lemuel_flame_loot_1
D:7:      layout_layer_cave, led_sif_pool, uniq_menkaure
D:8:      lemuel_castle_with_subvaults [lemuel_castle_interior_carwin_2],
          layout_rooms, fedhas_altar_3, amcnicky_altar_gilded,
          dpeg_oklobed_lair, enter_bailey_3, dk_noncrumbling_2
Temple:   eino_wide_crystal_templ
Bailey:   bailey_polearm_vampire_castle_hellmonk, bailey

Skill      XL: |  1  2  3  4  5  6  7  8  9 10 |
---------------+-------------------------------+-----
Fire Magic     | 4 5 6 8 |  8.6
Maces & Flails | 1 2 3 |  3.6
Dodging        | 2 3 |  3.5
Spellcasting   | 3 4 6 7 8 |  8.2
Conjurations   | 2 3 4 5 6 |  6.8
Fighting       | 1 2 |  2.0
Stealth        | |  2.1

Action                   |  1- 3 |  4- 6 |  7- 9 | 10-12 || total
-------------------------+-------+-------+-------+-------++-------
Melee: Club              |    18 |    26 |       |       ||    44
       Punch             |     1 |       |       |       ||     1
       Mace              |       |    40 |    63 |    32 ||   135
 Cast: Foxfire           |    34 |   133 |   152 |    82 ||   401
       Scorch            |     6 |    12 |    36 |     8 ||    62
       Conjure Flame     |     1 |       |       |       ||     1
       Flame Wave        |       |       |     2 |     4 ||     6
       Shock             |       |       |       |     2 ||     2
  Use: Scroll            |       |    12 |     3 |       ||    15
       Potion            |       |       |     1 |     1 ||     2
Armor: Robe              |    17 |    10 |    61 |    48 ||   136
       Animal skin       |       |    15 |    12 |       ||    27
Dodge: Dodged            |    21 |    48 |    77 |    56 ||   202
